 Dungeon Crawl Stone Soup version 0.26-a0-639-g72c4674329 (webtiles) character file.

Game seed: 9809973171697300480

17309 Gargoyl the Fighter (level 12, -2/97 HPs)
             Began as a Gnoll Abyssal Knight on Sept 19, 2020.
             Was a High Priest of Lugonu.
             Slain by a troll (8 damage)
             ... on level 12 of the Dungeon.
             The game lasted 00:28:34 (18257 turns).

Gargoyl the Fighter (Gnoll Abyssal Knight)         Turns: 18257, Time: 00:28:35

Health: -2/97      AC: 13    Str: 18    XL:     12   Next: 46%
Magic:  23/23      EV: 18    Int: 15    God:    Lugonu [*****.]
Gold:   704        SH:  7    Dex: 25    Spells: 25/25 levels left

rFire    + . .     SeeInvis .   x - +3 mace (holy)
rCold    . . .     Faith    .   A - +0 buckler
rNeg     . . .     Spirit   .   d - +2 ring mail {rF+}
rPois    .         Reflect  .   m - +0 helmet
rElec    .         Harm     .   G - +0 cloak
rCorr    +         Rampage  .   t - +0 pair of gloves {Dex+3}
MR       .....                  (no boots)
Stlth    ++++......             p - amulet of magic regeneration
HPRegen  0.26/turn              o - +6 ring of dexterity
MPRegen  0.43/turn              H - ring of resist corrosion

@: mighty
A: distributed training, fangs 1, strong nose
a: Depart the Abyss, Bend Space, Banish, Corrupt, Enter the Abyss, Renounce
Religion


You were on level 12 of the Dungeon.
You worshipped Lugonu.
Lugonu was extremely pleased with you.
You visited 1 branch of the dungeon, and saw 12 of its levels.
You visited the Abyss 1 time.
You also visited: Sewer.

You collected 737 gold pieces.
You spent 33 gold pieces at shops.

Inventory:

Hand Weapons
 a - the +7 long sword of Anger {antimagic, +Blink rPois rF-}
   (You found it on level 10 of the Dungeon)

   It reduces the magical energy of the wielder, and disrupts the spells and
   magical abilities of those hit.
   Natural abilities and divine invocations are not affected.
   It makes you vulnerable to fire.
   It protects you from poison.
   It lets you blink.
 h - a +1 short sword of holy wrath
 i - a +1 short sword of draining
 x - a +3 mace of holy wrath (weapon)
 C - a +3 hand axe
 K - a +2 scimitar of flaming
Missiles
 q - 17 poisoned darts (quivered)
 B - 5 silver javelins
Armour
 d - a +2 ring mail of fire resistance (worn)
 m - a +0 helmet (worn)
 t - a +0 pair of gloves of dexterity (worn)
 A - a +0 buckler (worn)
 G - a +0 cloak (worn)
Jewellery
 o - a +6 ring of dexterity (left hand)
 p - an amulet of magic regeneration (around neck)
 H - a ring of resist corrosion (right hand)
Wands
 y - a wand of iceblast (8)
 F - a wand of flame (20)
 I - a wand of random effects (35)
Scrolls
 f - 4 scrolls of identify
 l - 5 scrolls of remove curse
 u - a scroll of blinking
 v - 12 scrolls of teleportation
 z - a scroll of fog
 D - a scroll of acquirement {unknown}
 J - a scroll of fear
Potions
 c - a potion of ambrosia
 e - 3 potions of brilliance
 g - 3 potions of stabbing
 j - 2 potions of mutation
 k - 2 potions of flight
 n - 3 potions of lignification
 s - 4 potions of curing
 E - a potion of invisibility {unknown}


   Skills:
 + Level 9.8 Fighting
 + Level 7.3 Short Blades
 + Level 7.3 Long Blades
 + Level 8.7 Axes
 + Level 7.3 Maces & Flails
 + Level 7.3 Polearms
 + Level 7.3 Staves
 + Level 7.3 Slings
 + Level 7.3 Bows
 + Level 7.3 Crossbows
 + Level 7.3 Throwing
 + Level 8.7 Armour
 + Level 7.8 Dodging
 + Level 7.3 Stealth
 + Level 7.3 Shields
 + Level 7.3 Unarmed Combat
 + Level 7.3 Spellcasting
 + Level 6.1 Conjurations
 + Level 6.1 Hexes
 + Level 6.1 Summonings
 + Level 6.1 Necromancy
 + Level 6.1 Translocations
 + Level 6.1 Transmutations
 + Level 6.1 Fire Magic
 + Level 6.1 Ice Magic
 + Level 6.1 Air Magic
 + Level 6.1 Earth Magic
 + Level 6.1 Poison Magic
 + Level 9.3 Invocations
 + Level 7.3 Evocations


You had 25 spell levels left.
You didn't know any spells.
Your spell library contained the following spells:

 Spells                   Type           Power        Failure   Level
 Magic Dart               Conj           ###.         1%          1
 Blink                    Tloc           N/A          2%          2
 Call Imp                 Summ           ###.....     2%          2
 Slow                     Hex            ###.....     2%          2
 Conjure Flame            Conj/Fire      ###.....     4%          3
 Mephitic Cloud           Conj/Pois/Air  ###.....     4%          3


Dungeon Overview and Level Annotations

Branches:
Dungeon (12/15)            Temple (0/1) D:7            Lair (0/6) D:11
  Sewer (visited)
    Orc: D:9-12

Altars:
Cheibriados
Hepliaklqana
Uskayaw
Vehumet

Shops:
D:4 !   D:6 :

Annotations:
D:8 2 transporters, fly's ghost, novice TrDe


Innate Abilities, Weirdness & Mutations

Your experience applies equally to all skills.
You have very sharp teeth.
Your uncanny sense of smell can sniff out nearby items.


Message History

* * * LOW HITPOINT WARNING * * *
The troll barely misses you. The troll closely misses you.
You hit the troll.
The troll is moderately wounded.
The troll misses you. You block the troll's attack. The troll claws you!
* * * LOW HITPOINT WARNING * * *
You barely miss the troll. Your bite misses the troll.
The troll is moderately wounded.
The troll bites you.
* * * LOW HITPOINT WARNING * * *
You block the troll's attack. The troll completely misses you.
You hit the troll. You bite the troll!
The troll is severely wounded.
The troll bites you.
* * * LOW HITPOINT WARNING * * *
You block the troll's attack. The troll claws you but does no damage.
You barely miss the troll. You bite the troll!
The troll is almost dead.
The troll bites you!
You die...

#...#..........#........
....#..........#........
.....#..........#........
###.###..........##'##....
#+#####'#y.........#####
#.....#..........#
#.....'..........#
#######..........# ∆
####..@T###########
#.)†[...#...#
#..#....#...#
#..#....'...#
####....##### ######


You could see a troll.

Vanquished Creatures
  Snorg (D:12)
  Josephine (D:10)
  Harold (D:9)
  3 two-headed ogres
  An unseen horror (D:10)
  An ugly thing (D:11)
  A manticore (D:10)
  Psyche (D:11)
  An efreet (D:11)
  3 trolls
  A hippogriff (D:10)
  6 wraiths (D:10)
  18 yaks
  A wyvern (D:9)
  A basilisk (D:11)
  Grum (D:9)
  A soldier ant (D:12)
  4 ice beasts
  7 sky beasts
  An eye of draining (D:12)
  4 orc warriors
  A black bear (D:10)
  2 necrophages (D:10)
  2 phantoms
  5 ogres
  4 wolves
  4 centaurs
  A big kobold (D:7)
  8 bullfrogs
  A wyvern zombie (D:8)
  2 scorpions
  5 wights (D:11)
  6 killer bees
  A howler monkey (D:3)
  A quasit (D:6)
  A small abomination (Abyss:2)
  A bullfrog zombie (D:8)
  5 hounds
  A centaur zombie (D:10)
  3 jellies
  Crazy Yiuf (D:7)
  8 orc priests
  4 iguanas
  7 orc wizards
  4 bullfrog skeletons
  Jessica (D:2)
  Natasha (twice) (D:2)
  5 worker ants
  A killer bee zombie (D:10)
  2 hound zombies
  16 adders
  A shadow imp (D:9)
  A white imp (D:10)
  An ufetubus (D:7)
  An ooze (D:1)
  An adder skeleton (D:4)
  3 worms
  2 dart slugs (D:2)
  13 leopard geckos
  38 orcs
  4 ball pythons
  3 bats (D:2)
  9 giant cockroaches
  9 goblins
  4 hobgoblins
  14 jackals
  12 kobolds
  8 quokkas
  5 frilled lizards
  A jackal skeleton (D:4)
  3 quokka skeletons
  5 rats
302 creatures vanquished.

Vanquished Creatures (others)
  A centaur (D:11)
1 creature vanquished.

Grand Total: 303 creatures vanquished

Notes
Turn   | Place    | Note
-------+----------+-------------------------------------------
     0 | Abyss:1  | Gargoyl the Gnoll Abyssal Knight began the quest for the
                  | Orb.
     0 | Abyss:1  | Reached XP level 1. HP: 23/23 MP: 3/3
     3 | Abyss:2  | Found a corrupted altar of Lugonu.
    34 | Abyss:2  | Noticed a small abomination
    37 | Abyss:2  | Killed a small abomination
    37 | Abyss:2  | Reached XP level 2. HP: 29/29 MP: 5/5
    37 | Abyss:2  | Reached XP level 3. HP: 35/35 MP: 6/6
    44 | Abyss:2  | Found a corrupted altar of Lugonu.
    46 | Abyss:2  | Noticed a starcursed mass
    59 | D:1      | Escaped the Abyss
   730 | D:1      | Reached * piety under Lugonu
   863 | D:1      | Reached skill level 1 in Short Blades
   863 | D:1      | Reached skill level 1 in Long Blades
   863 | D:1      | Reached skill level 1 in Maces & Flails
   863 | D:1      | Reached skill level 1 in Polearms
   863 | D:1      | Reached skill level 1 in Staves
   863 | D:1      | Reached skill level 1 in Slings
   863 | D:1      | Reached skill level 1 in Bows
   863 | D:1      | Reached skill level 1 in Crossbows
   863 | D:1      | Reached skill level 1 in Throwing
   863 | D:1      | Reached skill level 1 in Stealth
   863 | D:1      | Reached skill level 1 in Shields
   863 | D:1      | Reached skill level 1 in Unarmed Combat
   863 | D:1      | Reached skill level 1 in Spellcasting
   863 | D:1      | Reached skill level 1 in Evocations
  1149 | D:2      | Reached XP level 4. HP: 41/41 MP: 7/7
  1340 | D:2      | Noticed Jessica
  1350 | D:2      | Killed Jessica
  1350 | D:2      | Reached skill level 1 in Conjurations
  1350 | D:2      | Reached skill level 1 in Hexes
  1350 | D:2      | Reached skill level 1 in Summonings
  1350 | D:2      | Reached skill level 1 in Necromancy
  1350 | D:2      | Reached skill level 1 in Translocations
  1350 | D:2      | Reached skill level 1 in Transmutations
  1350 | D:2      | Reached skill level 1 in Fire Magic
  1350 | D:2      | Reached skill level 1 in Ice Magic
  1350 | D:2      | Reached skill level 1 in Air Magic
  1350 | D:2      | Reached skill level 1 in Earth Magic
  1350 | D:2      | Reached skill level 1 in Poison Magic
  1812 | D:2      | Reached XP level 5. HP: 44/47 MP: 8/8
  2050 | D:2      | Found a faded altar of an unknown god.
  2102 | D:2      | Noticed Natasha
  2129 | D:2      | Killed Natasha
  2936 | D:2      | Noticed Natasha
  2944 | D:2      | Killed Natasha
  3070 | D:2      | Reached ** piety under Lugonu
  3074 | D:2      | Reached skill level 5 in Invocations
  3138 | D:3      | Reached XP level 6. HP: 31/53 MP: 9/9
  3527 | D:3      | Reached skill level 5 in Axes
  3527 | D:3      | Reached skill level 5 in Armour
  3718 | D:4      | Reached XP level 7. HP: 43/59 MP: 10/10
  3935 | D:4      | Found Leuput's Distillery.
  3943 | D:4      | Bought a potion of curing for 33 gold pieces
  4319 | D:5      | Entered Level 5 of the Dungeon
  4441 | D:5      | Found a hide-covered altar of Uskayaw.
  5206 | D:6      | Found a glowing drain.
  5216 | Sewer    | Entered a sewer
  5432 | Sewer    | Reached XP level 8. HP: 51/67 MP: 12/12
  5904 | D:6      | Got an iridescent flail
  5905 | D:6      | Identified the cursed +2 flail of Wondrous Power {speed,
                  | rC+ Str+3} (You found it on level 6 of the Dungeon)
  6005 | D:6      | Found Zatediul's Book Emporium.
  6753 | D:7      | Reached *** piety under Lugonu
  6814 | D:7      | Found a staircase to the Ecumenical Temple.
  7173 | D:7      | Found a runed translucent door.
  7174 | D:7      | Noticed Crazy Yiuf
  7182 | D:7      | Killed Crazy Yiuf
  7849 | D:8      | Found a transporter.
  7864 | D:8      | Noticed a shadow
  7872 | D:8      | Reached XP level 9. HP: 42/73 MP: 14/14
  7921 | D:8      | Noticed fly's ghost (novice TrDe)
  7922 | D:8      | Found a transporter.
  8682 | D:8      | Noticed a two-headed ogre
  8695 | D:8      | Killed a two-headed ogre
  8695 | D:8      | Reached skill level 5 in Dodging
  8891 | D:9      | Noticed Grum
  9052 | D:9      | Killed Grum
  9052 | D:9      | Reached XP level 10. HP: 69/80 MP: 17/17
  9526 | D:8      | Reached skill level 5 in Short Blades
  9526 | D:8      | Reached skill level 5 in Long Blades
  9526 | D:8      | Reached skill level 5 in Maces & Flails
  9526 | D:8      | Reached skill level 5 in Polearms
  9526 | D:8      | Reached skill level 5 in Staves
  9526 | D:8      | Reached skill level 5 in Slings
  9526 | D:8      | Reached skill level 5 in Bows
  9526 | D:8      | Reached skill level 5 in Crossbows
  9526 | D:8      | Reached skill level 5 in Throwing
  9526 | D:8      | Reached skill level 5 in Stealth
  9526 | D:8      | Reached skill level 5 in Shields
  9526 | D:8      | Reached skill level 5 in Unarmed Combat
  9526 | D:8      | Reached skill level 5 in Spellcasting
  9526 | D:8      | Reached skill level 5 in Evocations
  9668 | D:9      | Found a snail-covered altar of Cheibriados.
  9691 | D:9      | Noticed Harold
  9715 | D:9      | Killed Harold
  9715 | D:9      | Reached **** piety under Lugonu
 10163 | D:9      | Noticed a two-headed ogre
 10192 | D:9      | Killed a two-headed ogre
 10535 | D:10     | Entered Level 10 of the Dungeon
 11236 | D:10     | Got a blackened long sword
 11237 | D:10     | Identified the +7 long sword of Anger {antimagic, +Blink
                  | rPois rF-} (You found it on level 10 of the Dungeon)
 11345 | D:9      | Reached XP level 11. HP: 78/87 MP: 19/19
 12131 | D:10     | Reached skill level 5 in Conjurations
 12131 | D:10     | Reached skill level 5 in Hexes
 12131 | D:10     | Reached skill level 5 in Summonings
 12131 | D:10     | Reached skill level 5 in Necromancy
 12131 | D:10     | Reached skill level 5 in Translocations
 12131 | D:10     | Reached skill level 5 in Transmutations
 12131 | D:10     | Reached skill level 5 in Fire Magic
 12131 | D:10     | Reached skill level 5 in Ice Magic
 12131 | D:10     | Reached skill level 5 in Air Magic
 12131 | D:10     | Reached skill level 5 in Earth Magic
 12131 | D:10     | Reached skill level 5 in Poison Magic
 13106 | D:10     | Killed an unseen horror
 13171 | D:10     | Noticed a two-headed ogre
 13214 | D:10     | Killed a two-headed ogre
 13249 | D:10     | Reached ***** piety under Lugonu
 13617 | D:11     | Noticed Josephine
 13617 | D:11     | Noticed a manticore
 14355 | D:10     | Killed a manticore
 14682 | D:10     | Killed Josephine
 15793 | D:11     | Noticed a red ugly thing
 15853 | D:11     | Reached XP level 12. HP: 96/96 MP: 22/22
 15933 | D:11     | Noticed Psyche
 16005 | D:11     | Killed Psyche
 16337 | D:11     | Found a hazy altar of Hepliaklqana.
 16512 | D:11     | Found a radiant altar of Vehumet.
 16686 | D:11     | Found a staircase to the Lair.
 18171 | D:12     | Noticed Snorg
 18178 | D:12     | Noticed a two-headed ogre
 18210 | D:12     | Banished a two-headed ogre
 18229 | D:12     | Killed Snorg
 18257 | D:12     | Slain by a troll

Illustrated notes

Levels and vault maps discovered:
D:1:      dpeg_arrival_tiny_a, layout_basic
D:2:      layout_loops_ring, chequers_ecumenical_altar_island,
          minmay_fractal_squares_5, uniq_jessica, uniq_natasha
D:3:      layout_rooms
D:4:      layout_rooms, serial_shops, nicolae_shop_trees
D:5:      layout_loops_ring, overflow_temple_1_default
D:6:      layout_loops_corners, serial_shops, shop, cheibrodos_sewer_entry_drain
D:7:      layout_cave_pools, minmay_temple_entry_trees, uniq_crazy_yiuf_cottage
D:8:      layout_loops_corners, enter_bailey_1, gammafunk_ghost_arena
D:9:      layout_gridville, cheibriados_altar_1, uniq_grum, uniq_harold
D:10:     layout_basic, minmay_misc_feat_doors, hex_large
D:11:     layout_cave_pods, lair_entry_dummy, basic_altar,
          lemuel_altar_in_water2, uniq_josephine, uniq_psyche
D:12:     minmay_the_grid_four_pointed_star_mashed
          [minmay_the_grid_triangle_9x9_dagger,
          minmay_the_grid_triangle_9x9_warning,
          minmay_the_grid_triangle_9x9_swiss_cheese,
          minmay_the_grid_triangle_9x9_fully_insulated_deathbox,
          minmay_the_grid_prize_inner_circle], layout_gridville, orc_0_dummy,
          uniq_snorg, uniq_nergalle

Skill      XL: |  1  2  3  4  5  6  7  8  9 10 11 12 |
---------------+-------------------------------------+-----
Short Blades   | 1 2 3 4 5 6 7 |  7.3
Long Blades    | 1 2 3 4 5 6 7 |  7.3
Maces & Flails | 1 2 3 4 5 6 7 |  7.3
Polearms       | 1 2 3 4 5 6 7 |  7.3
Staves         | 1 2 3 4 5 6 7 |  7.3
Slings         | 1 2 3 4 5 6 7 |  7.3
Bows           | 1 2 3 4 5 6 7 |  7.3
Crossbows      | 1 2 3 4 5 6 7 |  7.3
Throwing       | 1 2 3 4 5 6 7 |  7.3
Stealth        | 1 2 3 4 5 6 7 |  7.3
Shields        | 1 2 3 4 5 6 7 |  7.3
Unarmed Combat | 1 2 3 4 5 6 7 |  7.3
Spellcasting   | 1 2 3 4 5 6 7 |  7.3
Evocations     | 1 2 3 4 5 6 7 |  7.3
Conjurations   | 1 2 3 4 5 6 |  6.1
Hexes          | 1 2 3 4 5 6 |  6.1
Summonings     | 1 2 3 4 5 6 |  6.1
Necromancy     | 1 2 3 4 5 6 |  6.1
Translocations | 1 2 3 4 5 6 |  6.1
Transmutations | 1 2 3 4 5 6 |  6.1
Fire Magic     | 1 2 3 4 5 6 |  6.1
Ice Magic      | 1 2 3 4 5 6 |  6.1
Air Magic      | 1 2 3 4 5 6 |  6.1
Earth Magic    | 1 2 3 4 5 6 |  6.1
Poison Magic   | 1 2 3 4 5 6 |  6.1
Dodging        | 3 4 5 6 7 |  7.8
Invocations    | 5 6 7 8 9 |  9.3
Axes           | 5 6 7 8 |  8.7
Armour         | 5 6 7 8 |  8.7
Fighting       | 7 8 9 |  9.8

Action                   |  1- 3 |  4- 6 |  7- 9 | 10-12 || total
-------------------------+-------+-------+-------+-------++-------
Melee: Hand axe          |    35 |       |       |       ||    35
       Short sword       |     6 |   180 |   479 |   865 ||  1530
       Bite              |     5 |    17 |    78 |   227 ||   327
       Mace              |       |       |    23 |   213 ||   236
       Punch             |       |       |     3 |       ||     3
Throw: Dart              |       |     6 |    34 |    67 ||   107
Invok: Depart the Abyss  |     1 |       |       |       ||     1
       Bend Space        |       |       |       |     3 ||     3
       Banish            |       |       |       |     2 ||     2
Evoke: Wand              |    11 |       |       |       ||    11
  Use: Potion            |     1 |       |       |     8 ||     9
       Scroll            |       |    12 |    11 |     6 ||    29
 Stab: Sleeping          |       |       |       |     3 ||     3
       Distracted        |       |       |       |     1 ||     1
Armor: Scale mail        |    26 |    89 |   175 |       ||   290
       Chain mail        |       |       |    36 |    19 ||    55
       Ring mail         |       |       |       |   258 ||   258
Dodge: Dodged            |    30 |   104 |   315 |   681 ||  1130
Block: Buckler           |       |       |   101 |   370 ||   471

Table legend: (Time is in decaauts)
 A = Elapsed time spent in this place.
 B = Non-inter-level travel time spent in this place.
 C = Inter-level travel time spent in this place.
 D = Time resting spent in this place.
 E = Time spent auto-exploring this place.
 F = Levels seen in this place.
 G = Mean time per level.
                   A        B        C        D        E       F      G
               +--------+--------+--------+--------+--------+-----+--------+
         Total |  18219 |  17906 |    313 |   6767 |   7202 |  15 | 1214.6 |
       Dungeon |  17542 |  17229 |    313 |   6689 |   6819 |  12 | 1461.8 |
         Abyss |     58 |     58 |      0 |      0 |     17 |   2 |   29.0 |
         Sewer |    618 |    618 |      0 |     78 |    365 |   1 |  618.0 |
               +--------+--------+--------+--------+--------+-----+--------+

Top non-repeatable levels by time:
    D:10: 4584 daAuts
    D:11: 2046 daAuts
     D:8: 1929 daAuts
     D:2: 1842 daAuts
     D:9: 1531 daAuts
     D:1: 1000 daAuts
     D:6: 978 daAuts
     D:5: 785 daAuts
     D:3: 769 daAuts
     D:7: 747 daAuts
     D:4: 666 daAuts
    D:12: 661 daAuts
   Sewer: 618 daAuts
 Abyss:2: 55 daAuts
 Abyss:1: 3 daAuts
